 Dungeon Crawl Stone Soup version 0.24.0-10-g970556be89 (webtiles) character file.

Game seed: 5856360975049020099, levelgen mode: deterministic

216287 MTVSty1e the Executioner (level 18, -2/177 HPs)
             Began as a Minotaur Monk on Nov 2, 2019.
             Was an Initiate of Gozag.
             Killed from afar by a starcursed mass (9 damage)
             ... with an accursed screaming
             ... on level 3 of the Abyss on Nov 3, 2019.
             The game lasted 01:17:40 (29711 turns).

MTVSty1e the Executioner (Minotaur Monk)           Turns: 29711, Time: 01:17:42

Health: -2/177     AC: 40    Str: 31    XL:     18   Next: 73%
Magic:  25/25      EV: 20    Int: 14    God:    Gozag
Gold:   3505       SH: 12    Dex: 29    Spells: 17/17 levels left

rFire    + + .     SeeInvis .   n - +0 broad axe
rCold    + + .     Gourm    .   C - +2 shield {rC+}
rNeg     + + +     Faith    .   d - +9 gold dragon scales
rPois    +         Spirit   .   K - +3 hat of Pondering {ponderous, MR+ MP+10 Int+5}
rElec    +         Reflect  .   V - +2 cloak of Jeetriase {rCorr Dex+3}
rCorr    +         Harm     .   (no gloves)
MR       ++...                  M - +1 pair of boots {run}
Stlth    ..........             G - amulet "Wueckadd" {Regen+ Dex+6}
HPRegen  0.79/turn              U - ring "Usiloshu" {rElec rPois rN+ Str+3}
MPRegen  0.19/turn              T - ring "Caloecvua" {rN++ rCorr Str+4 Dex-2}

@: agile, gold aura, hasted, glowing, very quick
A: retaliatory headbutt, hooves 1, horns 2, agile 2, clever 1, fire resistance
1, low mp 1
a: Potion Petition, Call Merchant, Bribe Branch, Renounce Religion


You were on level 3 of the Abyss.
You worshipped Gozag.
Gozag was most pleased with you.
You were not hungry.

You visited 5 branches of the dungeon, and saw 27 of its levels.
You visited the Abyss 1 time.
You visited 1 bazaar.
You also visited: Bailey, Gauntlet and Ice Cave.

You collected 12693 gold pieces.
You spent 6531 gold pieces at shops.
You paid 2657 gold pieces to Gozag.

Inventory:

Hand Weapons
 j - a +1 scimitar of flaming
 n - a +0 broad axe (weapon)
 N - a +1 battleaxe of freezing
Armour
 d - +9 gold dragon scales (worn)
 C - a +2 shield of cold resistance (worn)
 K - the +3 hat of Pondering (worn) {ponderous, MR+ MP+10 Int+5}
   (You took it off Gastronok on level 1 of the Lair of Beasts)

   It affects your intelligence (+5).
   It affects your resistance to hostile enchantments.
   It affects your magic capacity (+10).
 M - a +1 pair of boots of running (worn)
 V - the +2 cloak of Jeetriase (worn) {rCorr Dex+3}
   (You found it on level 3 of the Elven Halls)

   It affects your dexterity (+3).
   It provides partial protection from all sources of acid and corrosion.
Jewellery
 f - an uncursed ring of positive energy
 s - an uncursed ring of protection from cold
 u - an uncursed ring of see invisible
 z - an uncursed ring of protection from cold
 F - an uncursed ring of protection from fire
 G - the amulet "Wueckadd" (around neck) {Regen+ Dex+6}
   (You found it in a Gauntlet)

   [amulet of regeneration]

   It affects your dexterity (+6).
   It increases your rate of regeneration.
 L - an uncursed ring of positive energy
 S - an uncursed ring of protection from cold
 T - the ring "Caloecvua" (right hand) {rN++ rCorr Str+4 Dex-2}
   (You bought it in a shop on level 13 of the Dungeon)

   [ring of resist corrosion]

   It affects your strength (+4).
   It affects your dexterity (-2).
   It greatly protects you from negative energy.
   It provides partial protection from all sources of acid and corrosion.
 U - the ring "Usiloshu" (left hand) {rElec rPois rN+ Str+3}
   (You bought it in a shop on level 13 of the Dungeon)

   [ring of poison resistance]

   It affects your strength (+3).
   It insulates you from electricity.
   It protects you from poison.
   It protects you from negative energy.
Wands
 a - a wand of acid (34)
 b - a wand of polymorph (7)
 g - a wand of disintegration (55)
 r - a wand of paralysis (15)
 A - a wand of scattershot (5)
 B - a wand of iceblast (12)
 E - a wand of digging (1)
 J - a wand of enslavement (15)
Scrolls
 e - 6 scrolls of amnesia
 l - 5 scrolls of remove curse
 m - a scroll of enchant armour
 p - 4 scrolls of enchant weapon
 y - 3 scrolls of teleportation
 D - 2 scrolls of silence
 H - a scroll of fog
 Q - a scroll of fear
 X - a scroll of summoning
Potions
 h - 3 potions of flight
 i - 3 potions of brilliance
 o - 2 potions of lignification
 q - 4 potions of invisibility
 t - 3 potions of mutation
 v - 4 potions of magic
 x - 8 potions of curing
 I - 2 potions of resistance
 P - 4 potions of berserk rage
 R - 3 potions of agility
 W - a potion of cancellation
 Z - a potion of ambrosia
Comestibles
 c - 34 rations


   Skills:
 + Level 19.6 Fighting
 * Level 24.4 Axes
 + Level 17.4 Armour
 + Level 13.5 Dodging
 - Level 1.5 Stealth


You had 17 spell levels left.
You didn't know any spells.
Your spell library contained the following spells:

 Spells                   Type           Power        Failure   Level  Hunger
 Magic Dart               Conj           #...         100%        1    ##.....
 Summon Butterflies       Summ           #.......     100%        1    ##.....
 Blink                    Tloc           N/A          100%        2    ###....
 Call Imp                 Summ           #.......     100%        2    ###....
 Corpse Rot               Necr           N/A          100%        2    ###....
 Passwall                 Tmut/Erth      #.......     100%        2    ###....
 Searing Ray              Conj           #.....       100%        2    ###....
 Slow                     Hex            #.......     100%        2    ###....
 Sublimation of Blood     Necr           #.........   100%        2    ###....
 Swiftness                Chrm/Air       #.......     100%        2    ###....
 Call Canine Familiar     Summ           #.......     100%        3    ####...
 Conjure Flame            Conj/Fire      #.......     100%        3    ####...
 Dazzling Spray           Conj/Hex       #.....       100%        3    ####...
 Mephitic Cloud           Conj/Pois/Air  #.......     100%        3    ####...
 Force Lance              Conj/Tloc      #.......     100%        4    #####..
 Fulminant Prism          Conj/Hex       #.........   100%        4    #####..
 Iskenderun's Mystic Bla  Conj           #.......     100%        4    #####..
 Passage of Golubria      Tloc           N/A          100%        4    #####..
 Summon Ice Beast         Ice/Summ       #.......     100%        4    #####..
 Agony                    Necr           #.......     100%        5    ######.
 Bolt of Draining         Conj/Necr      #.........   100%        5    ######.
 Bolt of Magma            Conj/Fire/Erth #.........   100%        5    ######.
 Dispel Undead            Necr           #.......     100%        5    ######.
 Excruciating Wounds      Chrm/Necr      #.........   100%        5    ######.
 Iskenderun's Battlesphe  Conj/Chrm      #.......     100%        5    ######.
 Lee's Rapid Deconstruct  Erth           #.........   100%        5    ######.
 Summon Mana Viper        Hex/Summ       #.......     100%        5    ######.
 Venom Bolt               Conj/Pois      #.........   100%        5    ######.
 Darkness                 Hex            #.........   100%        6    #######
 Invisibility             Hex            #.......     100%        6    #######
 Iron Shot                Conj/Erth      #.........   100%        6    #######
 Malign Gateway           Summ/Tloc      #.........   100%        7    #######
 Monstrous Menagerie      Summ           #.........   100%        7    #######
 Orb of Destruction       Conj           #.........   100%        7    #######
 Spellforged Servitor     Conj/Summ      #.........   100%        7    #######
 Summon Greater Demon     Summ           #.........   100%        7    #######
 Summon Hydra             Summ           #.........   100%        7    #######
 Summon Horrible Things   Summ           #.........   100%        8    #######


Dungeon Overview and Level Annotations

Branches:
Dungeon (15/15)            Temple (1/1) D:6            Lair (6/6) D:10
  Swamp (0/4) Lair:2       Spider (0/4) Lair:4        Slime (0/5) Lair:5
    Orc (2/2) D:10            Elf (3/3) Orc:2        Vaults (0/5) D:13
 Depths (0/5) D:15         Bailey (visited)           IceCv (visited)
Gauntlet (visited)

Altars:
Ashenzari
Cheibriados
Dithmenos
Elyvilon
Fedhas
Gozag
Hepliaklqana
Kikubaaqudgha
Makhleb
Nemelex Xobeh
Okawaru
Qazlal
Ru
Sif Muna
Trog
Uskayaw
Vehumet
Wu Jian
Xom
Yredelemnul
Zin
The Shining One

Shops:
D:7 ?   D:13 =   Orc:2 [:=[   Elf:3 (

Annotations:
D:5 3 runed translucent doors, puimuR's ghost, novice VSEE
D:11 2 runed translucent doors


Innate Abilities, Weirdness & Mutations

You reflexively headbutt those who attack you in melee.
You have a pair of horns on your head.
You have large cloven feet.
You are very agile. (Dex +4)
Your mind is acute. (Int +2)
Your flesh is heat resistant. (rF+)
Your magical capacity is low. (-10% MP)


Message History

Your gold dragon scales prevents you from hitting the angel.
Your headbutt misses the angel.
The angel is severely wounded.
You miss the sixfirhy.
The sixfirhy becomes distracted by the nearby gold, dreaming of imaginary riches.
A starcursed mass splits.
A small abomination comes into view.
You closely miss the angel. Your headbutt misses the angel.
The angel is severely wounded.
You hit the apocalypse crab.
Your shield and gold dragon scales prevent you from hitting the sixfirhy.
The sixfirhy is no longer distracted by gold.
You slice the starcursed mass!!
The starcursed mass shudders and withdraws towards its neighbour.
The angel hits you but does no damage.
The angel hits you with a +2 sacred scourge of holy wrath!
* * * LOW HITPOINT WARNING * * *
A deafening chorus of shrieks assaults your mind!
You die...
Your body crumbles into a pile of gold. ##...## . #. .....#.. .[ ....... .
XXX.# . ##... xXX#

....#.## ##X## #
#.....###.$A## .
#.#... . #..@$.#
. .
....X.ยง3t......
##.#.
....#.....#....
. ......###...##
... #$$.#.##
##.## # ## #..#.
. ##... .. .. $
. ... . . . #.#
... ...... .. $.
#.. . . . .#. .


You could see 6 starcursed masses, an angel, an apocalypse crab, a large
abomination, a sixfirhy and a small abomination.

Vanquished Creatures
  The ghost of TheWoodenMan the Warrior, a veteran HOFi of Okawaru (Elf:3)
  A tentacled monstrosity (Abyss:3)
  A deep elf blademaster (Elf:2)
  A deep elf master archer (Elf:3)
  2 tentacled starspawn (Abyss:3)
  Agnes (Elf:2)
  Gastronok (Lair:1)
  Kirke (Lair:6)
  A frost giant (IceCv)
  3 deep elf sorcerers
  5 orc warlords
  Louise (Elf:3)
  A deep elf elementalist (Elf:3)
  A reaper (Gauntlet)
  3 stone giants
  A starcursed mass (Abyss:3)
  4 deep elf annihilators (Elf:3)
  Azrael (D:14)
  2 minotaurs
  Snorg (D:11)
  A blizzard demon (Abyss:3)
  3 deep elf death magi
  2 deep elf high priests (Elf:3)
  2 merfolk impalers (Elf:3)
  Josephine (Lair:6)
  A fire dragon (Lair:6)
  A great orb of eyes (Abyss:3)
  6 hydras
  A catoblepas (Lair:5)
  Harold (D:7)
  8 vault guards (D:13)
  A death knight (D:14)
  14 death yaks
  20 two-headed ogres
  3 ogre magi
  4 centaur warriors
  Erica (D:8)
  A tengu warrior (D:14)
  3 hell hogs (Abyss:3)
  3 thrashing horrors (Abyss:3)
  Sonja (Lair:5)
  18 deep elf knights
  A wretched star (Abyss:3)
  A death drake (Abyss:3)
  5 large abominations (Abyss:3)
  3 unseen horrors
  2 deep trolls (Orc:2)
  5 wizards
  12 deep elf archers
  An orb spider (Lair:4)
  A lindwurm (Lair:6)
  A shining eye (shapeshifter) (D:13)
  3 manticores
  An oklob plant (Gauntlet)
  An orc knight (Orc:2)
  5 orc sorcerers
  10 cyclopes
  31 ugly things
  12 elephants
  51 deep elf magi
  3 centaur zombies
  An ice statue (IceCv)
  7 black mambas
  6 spiny frogs
  A naga mage (D:15)
  A smoke demon (Abyss:3)
  3 molten gargoyles (Lair:6)
  A spiny frog (shapeshifter) (D:13)
  2 kobold demonologists
  3 hellions (Abyss:3)
  A yaktaur (D:11)
  13 komodo dragons
  2 rime drakes
  A hellwing (Gauntlet)
  2 efreet
  An ancient zyme (Abyss:3)
  18 polar bears (IceCv)
  A jumping spider (shapeshifter) (D:15)
  14 trolls
  3 tengu conjurers
  3 slime creatures (D:13)
  A hornet (D:8)
  2 raiju (Abyss:3)
  18 blink frogs
  11 hippogriffs
  3 air elementals
  A spriggan (D:10)
  5 wyverns
  6 water elementals
  A ynoxinul (Abyss:3)
  A chaos spawn (Abyss:3)
  6 wraiths
  5 shadows
  A hog (Lair:5)
  5 fire elementals
  6 basilisks
  5 small abominations (Abyss:3)
  47 yaks
  A human (shapeshifter) (D:14)
  3 steam dragons (Lair:6)
  Edmund (D:5)
  A neqoxec (Abyss:3)
  7 vampire mosquitoes
  6 hungry ghosts
  2 wargs (Orc:1)
  6 acid dragons
  4 swamp worms (Lair:2)
  12 water moccasins
  7 hell hounds
  16 porcupines
  11 ice beasts
  3 sky beasts
  4 black bears
  29 orc warriors
  An eye of draining (D:11)
  29 ogres
  3 phantoms
  A necrophage (D:7)
  14 centaurs
  18 wolves
  9 crocodiles
  6 big kobolds
  Blork the orc (D:4)
  18 bullfrogs
  3 earth elementals
  5 scorpions
  3 wights (D:14)
  3 killer bees (D:10)
  2 electric eels
  3 howler monkeys (D:12)
  A vampire bat (Abyss:3)
  7 crimson imps
  2 bullfrog zombies
  5 lava snakes (Lair:6)
  6 hounds
  2 jellies
  17 orc priests
  7 centaur skeletons
  9 iguanas
  24 orc wizards
  3 bullfrog skeletons
  11 worker ants
  A hound zombie (D:9)
  A worker ant zombie (D:11)
  20 gnolls
  14 adders
  9 shadow imps
  2 ufetubi (Abyss:3)
  3 adder zombies
  3 worms
  2 dart slugs
  5 leopard geckos
  106 orcs
  4 giant cockroaches
  9 goblins
  17 hobgoblins
  5 jackals
  29 kobolds
  5 quokkas
  A ball python (D:3)
  16 bats
  3 frilled lizards
  A leopard gecko zombie (D:5)
  A quokka zombie (D:9)
  6 rats
  8 fungi
  2 plants
1085 creatures vanquished.

Vanquished Creatures (others)
  A deep elf demonologist (Elf:3)
  A deep elf annihilator (Elf:3)
  26 dancing weapons
  A deep elf mage (Elf:3)
  A polar bear (IceCv)
  2 humans
  A boggart (Elf:1)
  13 fungi
  5 plants
  4 starspawn tentacles (Abyss:3)
55 creatures vanquished.

Grand Total: 1140 creatures vanquished

Notes
Turn   | Place    | Note
-------+----------+-------------------------------------------
     0 | D:1      | MTVSty1e the Minotaur Monk began the quest for the Orb.
     0 | D:1      | Reached XP level 1. HP: 19/19 MP: 0/0
    45 | D:1      | Reached skill level 4 in Axes
    70 | D:1      | Reached XP level 2. HP: 19/26 MP: 1/1
   389 | D:1      | Reached skill level 5 in Axes
   405 | D:1      | Reached XP level 3. HP: 23/31 MP: 2/2
   941 | D:2      | Reached skill level 6 in Axes
   941 | D:2      | Reached XP level 4. HP: 25/39 MP: 3/3
  1298 | D:2      | Found a sparkling altar of Nemelex Xobeh.
  1307 | D:2      | Found a stormy altar of Qazlal.
  1307 | D:2      | Found a shimmering blue altar of Sif Muna.
  1307 | D:2      | Found a glowing golden altar of the Shining One.
  1308 | D:2      | Found an iron altar of Okawaru.
  1643 | D:3      | Reached skill level 7 in Axes
  1643 | D:3      | Reached XP level 5. HP: 41/45 MP: 4/4
  1777 | D:3      | You fall into a shaft and drop 2 floors!
  1777 | D:5      | Entered Level 5 of the Dungeon
  1778 | D:5      | Noticed Edmund
  1798 | D:5      | Gained mutation: You are agile. (Dex +2) [potion of
                  | mutation]
  1798 | D:5      | Gained mutation: Your flesh is heat resistant. (rF+)
                  | [potion of mutation]
  1798 | D:5      | Gained mutation: Your flesh is very heat resistant. (rF++)
                  | [potion of mutation]
  1809 | D:5      | Killed Edmund
  1809 | D:5      | Reached skill level 8 in Axes
  1809 | D:5      | Reached XP level 6. HP: 20/51 MP: 5/5
  2126 | D:5      | Found a runed translucent gate.
  2126 | D:5      | Found a runed translucent gate.
  2126 | D:5      | Found a runed translucent gate.
  2127 | D:5      | Found an opulent altar of Gozag.
  2128 | D:5      | Noticed puimuR's ghost (novice VSEE)
  2139 | D:5      | Noticed a sky beast
  2156 | D:5      | Killed a sky beast
  2156 | D:5      | Reached skill level 9 in Axes
  2525 | D:5      | Reached XP level 7. HP: 50/57 MP: 6/6
  2717 | D:4      | Found a shattered altar of Ashenzari.
  2783 | D:4      | Reached skill level 10 in Axes
  2952 | D:4      | Got a bloodstained whip
  3054 | D:4      | Noticed Blork the orc
  3061 | D:4      | Killed Blork the orc
  3063 | D:4      | Reached skill level 1 in Armour
  3177 | D:4      | Upgraded the game from 0.24.0-7-gb3623d2c88 to
                  | 0.24.0-10-g970556be89
  3247 | D:6      | Found a staircase to the Ecumenical Temple.
  3258 | Temple   | Entered the Ecumenical Temple
  3274 | Temple   | Became a worshipper of Gozag Ym Sagoz the Greedy
  3408 | D:6      | Noticed a +0 dagger
  3409 | D:6      | Noticed a +0 hand axe
  3427 | D:6      | Found a hide-covered altar of Uskayaw.
  3453 | D:6      | Reached XP level 8. HP: 54/67 MP: 7/7
  3550 | D:6      | Reached skill level 11 in Axes
  3810 | D:6      | Reached skill level 5 in Fighting
  4277 | D:7      | Found an ancient bone altar of Kikubaaqudgha.
  4278 | D:7      | Found a blossoming altar of Fedhas.
  4532 | D:7      | Reached skill level 12 in Axes
  4617 | D:7      | Found a blossoming altar of Fedhas.
  4790 | D:7      | Noticed Harold
  4799 | D:7      | Found Miq Etac's Magic Scroll Emporium.
  4808 | D:7      | Killed Harold
  4808 | D:7      | Reached skill level 5 in Armour
  4808 | D:7      | Reached XP level 9. HP: 72/78 MP: 8/8
  4997 | D:8      | Reached skill level 13 in Axes
  5354 | D:8      | Identified the +6 whip of Naplis {pain, Int+2} (You found
                  | it on level 4 of the Dungeon)
  5460 | D:8      | Noticed Erica
  5695 | D:8      | Paralysed by a hornet for 3 turns
  6157 | D:8      | Killed Erica
  6403 | D:8      | Reached XP level 10. HP: 88/88 MP: 9/9
  6768 | D:9      | Got a jade-encrusted ring mail
  6769 | D:9      | Identified the +2 ring mail of Duty {Regen+} (You found it
                  | on level 9 of the Dungeon)
  6890 | D:9      | Noticed a white ugly thing
  6910 | D:9      | HP: 1/88 [white ugly thing (19)]
  7192 | D:9      | Found a flagged portal.
  7202 | Bailey   | Entered a bailey
  7585 | Bailey   | Reached skill level 14 in Axes
  8317 | D:10     | Entered Level 10 of the Dungeon
  8379 | D:10     | Found a staircase to the Lair.
  8839 | D:10     | Reached skill level 15 in Axes
  8919 | D:10     | You fall into a shaft and drop 2 floors!
  9074 | D:11     | Found a gate leading to a gauntlet.
  9083 | Gauntlet | Entered a Gauntlet
  9083 | Gauntlet | Found a transporter.
  9083 | Gauntlet | Found a transporter.
  9083 | Gauntlet | Found a transporter.
  9094 | Gauntlet | Found a transporter.
  9094 | Gauntlet | Noticed an oklob plant
  9099 | Gauntlet | Found a transporter.
  9107 | Gauntlet | Found a transporter.
  9110 | Gauntlet | Found a transporter.
  9114 | Gauntlet | Found a runed translucent door.
  9114 | Gauntlet | Found a runed translucent door.
  9118 | Gauntlet | Found a transporter.
  9118 | Gauntlet | Noticed a reaper
  9132 | Gauntlet | Noticed a wolf spider
  9134 | Gauntlet | Noticed an entropy weaver
  9136 | Gauntlet | Found a transporter.
  9153 | Gauntlet | Found a transporter.
  9156 | Gauntlet | Found a transporter.
  9157 | Gauntlet | Noticed a wizard
  9168 | Gauntlet | Found a transporter.
  9217 | Gauntlet | Noticed a death scarab
  9276 | Gauntlet | Reached XP level 11. HP: 107/107 MP: 10/10
  9291 | Gauntlet | Killed an oklob plant
  9291 | Gauntlet | Reached XP level 12. HP: 66/115 MP: 11/11
  9455 | Gauntlet | Killed a reaper
  9484 | Gauntlet | Got a pair of translucent gloves
  9619 | Gauntlet | Identified the +2 pair of gloves of Experimentation {rElec
                  | rCorr} (You found it in a Gauntlet)
  9637 | Gauntlet | Noticed a minotaur
  9652 | Gauntlet | Killed a minotaur
  9657 | Gauntlet | Got a wavering steel amulet
 10001 | D:11     | Noticed Snorg
 10015 | D:11     | Killed Snorg
 10015 | D:11     | Reached skill level 16 in Axes
 10366 | D:11     | Noticed a two-headed ogre
 10376 | D:11     | Killed a two-headed ogre
 10376 | D:11     | Reached skill level 10 in Armour
 10462 | D:11     | Found a large runed translucent door.
 10463 | D:11     | Found a large runed translucent door.
 10575 | D:11     | Got a pair of bloodstained boots
 10581 | D:11     | Identified the -5 pair of boots of Space {Dex+4} (You found
                  | it on level 11 of the Dungeon)
 10776 | D:11     | Found a large runed translucent door.
 10776 | D:11     | Found a large runed translucent door.
 10871 | D:11     | Got a warped long sword
 11746 | D:12     | Noticed a two-headed ogre
 11747 | D:12     | Identified the amulet "Wueckadd" {Regen+ Dex+6} (You found
                  | it in a Gauntlet)
 11755 | D:12     | Killed a two-headed ogre
 11755 | D:12     | Reached skill level 17 in Axes
 11991 | D:12     | Noticed a five-headed hydra
 12003 | D:12     | Killed a one-headed hydra
 12159 | Lair:1   | Entered Level 1 of the Lair of Beasts
 12492 | Lair:1   | Reached XP level 13. HP: 105/125 MP: 12/12
 12642 | Lair:1   | Noticed Gastronok
 12665 | Lair:1   | Killed Gastronok
 13229 | Lair:2   | Identified the +4 long sword of Darysasops {slice, *Corrode
                  | Str+3 Int+3 SInv} (You found it on level 11 of the Dungeon)
 13315 | Lair:2   | Reached skill level 15 in Fighting
 13720 | Lair:2   | Found a staircase to the Swamp.
 14222 | Lair:3   | Reached skill level 18 in Axes
 14998 | Lair:4   | Reached skill level 5 in Dodging
 15207 | Lair:4   | Found a hole to the Spider Nest.
 15582 | Lair:5   | Found a frozen archway.
 15582 | Lair:5   | Noticed Sonja
 15584 | Lair:5   | Killed Sonja
 15630 | IceCv    | Entered an ice cave
 15902 | IceCv    | Reached XP level 14. HP: 118/136 MP: 13/13
 16092 | IceCv    | Reached skill level 19 in Axes
 16177 | IceCv    | Noticed a frost giant
 16209 | IceCv    | Killed a frost giant
 16496 | Lair:5   | Found a staircase to the Slime Pits.
 17344 | Lair:6   | Entered Level 6 of the Lair of Beasts
 17344 | Lair:6   | Noticed Josephine
 17356 | Lair:6   | Killed Josephine
 17461 | Lair:6   | Noticed Kirke
 17507 | Lair:6   | Killed Kirke
 17878 | Lair:6   | Reached skill level 20 in Axes
 18051 | Lair:6   | Reached XP level 15. HP: 132/145 MP: 14/14
 18154 | Lair:6   | Found a large runed translucent door.
 18154 | Lair:6   | Found a large runed translucent door.
 19181 | D:13     | Found Sirissagg's Jewellery Boutique.
 19196 | D:13     | Bought the ring "Caloecvua" {rN++ rCorr Str+4 Dex-2} for
                  | 417 gold pieces
 19196 | D:13     | Bought the ring "Usiloshu" {rElec rPois rN+ Str+3} for 445
                  | gold pieces
 19238 | D:13     | Found a gate to the Vaults.
 19986 | D:13     | Gained mutation: Your body sometimes deteriorates upon
                  | taking damage. [a shining eye]
 19988 | D:13     | Gained mutation: You occasionally shout uncontrollably at
                  | your foes. [a shining eye]
 20040 | D:13     | Found a white marble altar of Elyvilon.
 20167 | D:14     | Found an opulent altar of Gozag.
 20210 | D:14     | Noticed Azrael
 20212 | D:14     | Reached skill level 21 in Axes
 20261 | D:14     | Killed Azrael
 20431 | D:14     | Reached skill level 10 in Dodging
 20437 | D:14     | Reached XP level 16. HP: 149/155 MP: 15/15
 20567 | D:14     | Found Haigoup's Food Shop.
 20573 | D:14     | Bought a ration for 65 gold pieces
 20573 | D:14     | Bought a ration for 65 gold pieces
 20573 | D:14     | Bought a ration for 65 gold pieces
 20573 | D:14     | Bought a ration for 65 gold pieces
 20573 | D:14     | Bought a ration for 65 gold pieces
 20573 | D:14     | Bought a ration for 65 gold pieces
 20573 | D:14     | Bought a ration for 65 gold pieces
 20573 | D:14     | Bought a ration for 65 gold pieces
 20573 | D:14     | Bought a ration for 65 gold pieces
 20573 | D:14     | Bought a ration for 65 gold pieces
 20792 | D:15     | Entered Level 15 of the Dungeon
 21481 | D:15     | Reached skill level 15 in Armour
 21815 | D:15     | Found a staircase to the Depths.
 22138 | D:10     | Found a staircase to the Orcish Mines.
 22250 | D:10     | Found an ancient bone altar of Kikubaaqudgha.
 22358 | Orc:1    | Entered Level 1 of the Orcish Mines
 22381 | Orc:1    | Reached skill level 22 in Axes
 22597 | Orc:2    | Entered Level 2 of the Orcish Mines
 22628 | Orc:2    | Found Nexa's Jewellery Shop.
 22629 | Orc:2    | Found Itiu's Antique Armour Shop.
 22784 | Orc:2    | Found Gustrih's Antique Armour Emporium.
 22787 | Orc:2    | Bought an embroidered cloak for 225 gold pieces
 22787 | Orc:2    | Bought a runed plate armour for 780 gold pieces
 22794 | Orc:2    | Found a staircase to the Elven Halls.
 22857 | Orc:2    | Found Zaumab's Book Boutique.
 23023 | Orc:2    | Found a flickering gateway to a bazaar.
 23039 | Bazaar   | Entered a bazaar
 23039 | Bazaar   | Found Javadoa's Distillery.
 23039 | Bazaar   | Found Oduda's Antique Armour Emporium.
 23058 | Bazaar   | Bought shiny gold dragon scales for 2656 gold pieces
 23061 | Bazaar   | Found Eniod's Gadget Boutique.
 23069 | Bazaar   | Found Yduad's General Store.
 23077 | Bazaar   | Bought a +1 pair of boots of running for 401 gold pieces
 23080 | Bazaar   | Found Pemarghi's Antique Weapon Emporium.
 23181 | Bazaar   | Bought a ration for 55 gold pieces
 23192 | Bazaar   | Bought a broad axe for 120 gold pieces
 23205 | Bazaar   | Bought a potion of agility for 40 gold pieces
 23205 | Bazaar   | Bought a potion of curing for 30 gold pieces
 23205 | Bazaar   | Bought a potion of curing for 30 gold pieces
 23205 | Bazaar   | Bought a potion of agility for 40 gold pieces
 23205 | Bazaar   | Bought a potion of ambrosia for 80 gold pieces
 23205 | Bazaar   | Bought a potion of berserk rage for 50 gold pieces
 23205 | Bazaar   | Bought 2 potions of heal wounds for 100 gold pieces
 23205 | Bazaar   | Bought a potion of haste for 100 gold pieces
 23205 | Bazaar   | Bought a potion of heal wounds for 50 gold pieces
 23793 | Orc:2    | Bought a glowing cloak for 262 gold pieces
 24279 | Elf:1    | Entered Level 1 of the Elven Halls
 24345 | Elf:1    | Reached XP level 17. HP: 92/165 MP: 16/16
 24496 | Elf:1    | Identified the cursed +3 great mace of Magnificence
                  | {protect, rElec rPois Dex-2}
 25244 | Elf:1    | Reached skill level 23 in Axes
 25377 | Elf:1    | Found a radiant altar of Vehumet.
 26054 | Elf:2    | Found a runed translucent gate.
 26054 | Elf:2    | Found a runed translucent gate.
 26056 | Elf:2    | Found a runed translucent gate.
 26483 | Elf:2    | Noticed Agnes
 26496 | Elf:2    | Killed Agnes
 26803 | Elf:2    | Noticed a deep elf blademaster
 26840 | Elf:2    | Killed a deep elf blademaster
 27147 | Elf:3    | Entered Level 3 of the Elven Halls
 27181 | Elf:3    | Reached XP level 18. HP: 171/176 MP: 17/17
 27240 | Elf:3    | Noticed Louise
 27254 | Elf:3    | Killed Louise
 27482 | Elf:3    | Found a runed translucent gate.
 27485 | Elf:3    | Found a runed translucent gate.
 27485 | Elf:3    | Found a runed translucent gate.
 27485 | Elf:3    | Noticed TheWoodenMan's ghost (veteran HOFi)
 27731 | Elf:3    | Found an iron altar of Okawaru.
 28109 | Elf:3    | Killed TheWoodenMan's ghost
 28156 | Elf:3    | Got a crude cloak
 28167 | Elf:3    | Identified the +2 cloak of Jeetriase {rCorr Dex+3} (You
                  | found it on level 3 of the Elven Halls)
 28229 | Elf:3    | Found Kam Wuus's Antique Weapon Shoppe.
 28389 | Elf:3    | Noticed a Hell Sentinel
 28390 | Elf:3    | Noticed a Tzitzimitl
 28555 | Elf:3    | Noticed a Hell Sentinel
 28560 | Elf:3    | Noticed a Brimstone Fiend
 28563 | Elf:3    | Noticed a Hell Sentinel
 28883 | Elf:3    | Reached skill level 24 in Axes
 29072 | Elf:3    | Lost mutation: You occasionally shout uncontrollably at
                  | your foes. [potion of mutation]
 29072 | Elf:3    | Lost mutation: Your flesh is very heat resistant. (rF++)
                  | [potion of mutation]
 29072 | Elf:3    | Lost mutation: Your body sometimes deteriorates upon taking
                  | damage. [potion of mutation]
 29072 | Elf:3    | Gained mutation: You are very agile. (Dex +4) [potion of
                  | mutation]
 29072 | Elf:3    | Lost mutation: You are very agile. (Dex +4) [potion of
                  | mutation]
 29072 | Elf:3    | Gained mutation: Your mind is acute. (Int +2) [potion of
                  | mutation]
 29072 | Elf:3    | Gained mutation: You have large cloven feet. [potion of
                  | mutation]
 29265 | Elf:3    | Cast into level 3 of the Abyss (a deep elf demonologist)
 29280 | Abyss:3  | Found a corrupted altar of Lugonu.
 29642 | Abyss:3  | Gained mutation: You are very agile. (Dex +4) [a neqoxec]
 29643 | Abyss:3  | Gained mutation: Your magical capacity is low. (-10% MP) [a
                  | neqoxec]
 29680 | Abyss:3  | Noticed a tentacled monstrosity
 29709 | Abyss:3  | Killed a tentacled monstrosity
 29711 | Abyss:3  | HP: 7/177 [angel/+2 sacred scourge of holy wrath (8)]
 29711 | Abyss:3  | Killed from afar by a starcursed mass

Levels and vault maps discovered:
D:1:      psy_arrival_dodecagon, layout_loops_ring
D:2:      layout_rooms, minitemple, minmay_heptomino_o4
D:3:      layout_loops_ring, gup_sewer_entry_bubbles, kennysheep_nondescript,
          minmay_randomly_rotated_circles
D:4:      minmay_skewed_foursquare, layout_basic, cheibrodos_ashenzari_chains,
          first_ration, uniq_blork_the_orc
D:5:      layout_cave_pools, ebering_ghost_gozag, uniq_edmund
D:6:      lemuel_ice_spiral_2, layout_basic, dancing_weapons_uskayaw,
          minmay_temple_entry_water_ring
D:7:      layout_basic, grunt_temple_overflow_growth_and_decay, serial_shops,
          shop_statue, fedhas_altar_3, uniq_harold
D:8:      layout_gridville, uniq_erica
D:9:      minmay_polygon_palace, layout_small_grid, enter_bailey_2
D:10:     layout_roguey, due_lair_maze_entry_diamond, hiddenorc1_lemuel,
          grunt_pizzeria, tgw_kikubaaqudgha
D:11:     layout_irregular_city, gauntlet_entry_generic,
          minmay_hollow_rounded_squares, uniq_snorg
D:12:     layout_long_grid, nrook_pool_corridor, minivault_1, grunt_ministairs_1
D:13:     layout_roguey, erik_vaults_2, serial_shops, shop, basic_altar
D:14:     layout_rooms, hangedman_abyss_or_decor_lesser_grid, serial_shops,
          shop, basic_altar, abandoned_shop, uniq_azrael
D:15:     grunt_enter_depths_magical_seal, layout_loops_cross,
          minmay_crystal_room, grunt_tough_drop
Temple:   cyrus_circular_temple
Lair:1:   layout_gridlike, grunt_megastairs_1, serial_bayou_shore_a,
          uniq_gastronok
Lair:2:   layout_big_grid, nicolae_swamp_entry_splash_gauntlet
Lair:3:   layout_regular_city, minivault_19
Lair:4:   layout_roguey, nicolae_spider_entry_orb_guardian,
          infiniplex_staircase_pool
Lair:5:   layout_hall_layers, slime_dummy, portal_ice_cave_entry_ice_beasts,
          minivault_27, serial_bayou_lagoon_a, uniq_sonja
Lair:6:   cheibrodos_lair_end_hotspot, layout_misc_corridors, uniq_josephine,
          uniq_kirke
Orc:1:    layout_caves
Orc:2:    st_orc_open, layout_caves, serial_shops, bzr_entry_safe,
          mines_bat_river
Elf:1:    minmay_elf_arrival_summoners, layout_loops_cross, basic_altar,
          hangedman_elf_disciples, nooodl_food_tri
Elf:2:    layout_geoelf_diagonals, uniq_agnes
Elf:3:    nooodl_elf_gasket, layout_loops_corners, serial_shops, shop,
          gammafunk_ghost_fury_of_okawaru, lemuel_flame_loot_1, uniq_louise
Abyss:3:  evilmike_nicolae_abyss_rune_containment_curve,
          hangedman_abyss_batty_box

Skill      XL: |  1  2  3  4  5  6  7  8  9 10 11 12 13 14 15 16 17 18 |
---------------+-------------------------------------------------------+-----
Axes           | 4 5 6 7 8 9 10 12 13 15 17 18 20 21 22 23 24 | 24.4
Armour         | 2 5 7 8 9 11 12 13 14 15 16 17 | 17.4
Fighting       | 4 6 8 13 14 15 16 17 18 19 | 19.6
Dodging        | 5 8 10 11 12 13 | 13.5
Stealth        | |  1.5

Action                   |  1- 3 |  4- 6 |  7- 9 | 10-12 | 13-15 | 16-18 || total
-------------------------+-------+-------+-------+-------+-------+-------++-------
Melee: Hand axe          |    86 |   124 |     3 |       |       |       ||   213
       Headbutt          |     8 |    32 |    73 |   133 |   472 |   416 ||  1134
       War axe           |       |       |   304 |   532 |  1218 |   339 ||  2393
       Scimitar          |       |       |       |     6 |    29 |       ||    35
       Broad axe         |       |       |       |       |       |   917 ||   917
Invok: Potion Petition   |       |       |     1 |     3 |       |     2 ||     6
Evoke: Wand              |       |       |       |       |     5 |     1 ||     6
  Use: Potion            |     1 |     6 |     6 |    10 |     1 |    15 ||    39
       Scroll            |       |     7 |    12 |    11 |    10 |    21 ||    61
 Stab: Sleeping          |     3 |       |       |     3 |     4 |       ||    10
       Distracted        |       |       |     1 |     2 |    19 |    20 ||    42
       Invisible         |       |       |       |     2 |       |       ||     2
  Eat: Chunk             |       |     2 |     1 |       |       |       ||     3
       Ration            |       |     1 |     4 |     6 |     9 |    10 ||    30
Armor: Robe              |    10 |       |       |       |       |       ||    10
       Leather armour    |    10 |    28 |       |       |       |       ||    38
       Plate armour      |       |       |   149 |       |   346 |   114 ||   609
       Ring mail         |       |       |       |   194 |   141 |       ||   335
       Gold dragon scale |       |       |       |       |       |   508 ||   508
Dodge: Dodged            |    61 |    64 |    69 |   230 |   519 |   414 ||  1357
Block: Shield            |       |       |       |   128 |   440 |   523 ||  1091
       Large shield      |       |       |       |       |    70 |       ||    70
       Rpst.: Scimitar   |       |       |       |       |     5 |       ||     5
